woodfighter, chaotic female orcish Cavewoman ----- |?..| ------- |??.-# |.....| |...|# #-......# |?+.|# ###|.....|# |??+|# # -------# -----# ### # # # # ## ### # #------# # ##|....|# # #--.....# # #......| # |.....| ## -------- --- |.....-##############----------- |;..}@..)..| ------- #...{..<....############.}}.;.}..*.| |.........| |}}.};)....| ----------- ------------ woodfighter the Cave Teen Experience level: 5 Strength: 18/04 Dexterity: 10 Constitution: 18 Intelligence: 8 Wisdom: 9 Charisma: 8 Health: 0(48) Energy: 15(15) Def: 2 Gold: 0 Moves: 2381 Dungeon seed: PlGs8pG_cCbUQ5y4 Game ID: woodfighter_1499542845 Your Inventory: Weapons a - a +1 club (weapon in hand) b - a +2 sling (alternate weapon; not wielded) Armor n - a cursed +0 elven mithril-coat q - an uncursed +0 leather armor (being worn) Comestibles c - an uncursed egg d - 2 uncursed cloves of garlic g - an uncursed tin of kobold meat h - 2 uncursed tripe rations j - 3 uncursed food rations J - an uncursed sprig of wolfsbane K - an uncursed lichen corpse Scrolls i - 4 uncursed scrolls of scare monster W - an uncursed scroll of magic mapping Rings z - an uncursed ring of teleport control Wands B - a wand of speed monster (0:4) V - a wand of magic missile (0:8) Tools k - an uncursed wax candle (0:400) s - an uncursed sack t - an uncursed magic whistle y - an uncursed skeleton key D - an uncursed stethoscope Gems e - 8 uncursed flints (in quiver) Contents of the sack: 726 gold pieces 2 [uncursed] scrolls of identify a [uncursed] scroll of punishment a [blessed] scroll of remove curse a [blessed] potion of gain ability a [uncursed] potion of restore ability a [uncursed] potion of water Spells and supernatural/magical abilities: Name Level Category Fail Memory W - pray for help -- divine ? -- Your skills at the end: Miscellaneous Skills bare handed combat [Basic] Weapon Skills scimitar [Basic] club [Basic] sling [Basic] Spellcasting Skills Final Attributes: You were piously aligned. You were poison resistant. You were telepathic. You had infravision. You were very stealthy. You were lucky. You are dead. Vanquished creatures: 2 small mimics a floating eye an iguana a hill orc 4 rothes an orc zombie 3 coyotes 2 hobbits a large kobold a gecko 4 jackals 6 newts 2 sewer rats 2 grid bugs 4 lichens 2 kobold zombies 37 creatures vanquished. Voluntary challenges: You did not adorn yourself with jewelry or accessories. You did not cause conflict. You were not invisible. You did not have reflection. You were not displaced. You had been an atheist until turn 2376. You used a wielded weapon 47 times, starting on turn 17. You did not apply a unicorn horn. You did not use plumbed fixtures. You did not drink any magical draughts. You were illiterate. You never genocided any monsters. You never polymorphed an object. You never changed form. You used no wishes. You never split a pudding. You never wrote Elbereth's name. You never violated your personal moral code. Dungeon overview: The Dungeons of Doom: levels 1 to 6 Level 1 a fountain a long staircase Level 2 (locked) a hardware shop stairs to The Gnomish Mines Level 3 a fountain Level 4 some fountains, a sink Level 5 a scroll shop Level 6 <- You were here a scroll shop, a fountain The Gnomish Mines: Level 3 stairs to The Dungeons of Doom History has recorded: On T:1 you entered the Dungeons of Doom to retrieve the Amulet of Yendor! On T:91 you reached level 2 of The Dungeons of Doom. On T:500 you reached level 3 of The Dungeons of Doom. On T:524 you reached level 1 of The Gnomish Mines. On T:661 you advanced to experience level 2. On T:1130 you reached level 4 of The Dungeons of Doom. On T:1134 you advanced to experience level 3. On T:1683 you reached level 5 of The Dungeons of Doom. On T:1840 you reached level 6 of The Dungeons of Doom. On T:1965 you advanced to experience level 4. On T:2282 you advanced to experience level 5. On T:2376 you prayed to Anshar. Score breakdown: Gold: 726 ( 72 points) Experience: 5 levels ( 400 points) Exploration: 6 levels ( 150 points) Discoveries: 21 items ( 1050 points) Variety of kills: 16 monsters ( 800 points) Major goal: (nothing yet) ( 0 points) Survival: died (score multiplied by 3) Total score: 7416 Latest messages: You put a scroll called 100er 5 into the sack. You put 2 scrolls of identify into the sack. You hear the chime of a cash register. You stop exploring. The gecko bites! You kill the gecko! You see here a gecko corpse. This gecko corpse tastes terrible! You finish eating the gecko corpse. You stop exploring. The piranha bites! (4x) i - 4 scrolls called 100er 2. W - a scroll called 100er 5. The piranha bites! (2x) You begin praying to Anshar. You are surrounded by a shimmering light. The piranha starts to attack you, but pulls back. (3x) You feel that Anshar is well-pleased. You feel much better. The piranha bites! (6x) You die... Final status: Goodbye woodfighter the Cavewoman, killed by a piranha... You died in The Dungeons of Doom on dungeon level 6 with 7416 points, and 726 pieces of gold, after 2381 moves. You were level 5 with a maximum of 48 hit points when you died.